 Dungeon Crawl Stone Soup version 0.31-a0-986-g5e6e4ef867 (webtiles) character file.

Game seed: 7166685733262620773

506 Curundu the Slasher (level 6, -8/53 HPs)
             Began as a Draconian Berserker on Nov 11, 2023.
             Was a Priest of Trog.
             Mangled by a gnoll sergeant
             ... wielding a +0 trident
              (11 damage)
             ... on level 5 of the Dungeon.
             The game lasted 00:27:13 (4005 turns).

Curundu the Slasher (Draconian Berserker)           Turns: 4005, Time: 00:27:16

Health: -8/53      AC:  7    Str: 19    XL:     6   Next: 97%
Magic:  6/6        EV: 13    Int:  7    God:    Trog [***...]
Gold:   304        SH:  5    Dex: 13    Spells: 5/5 levels left

rFire   . . .        u - +2 flail (holy)
rCold   . . .        (no shield)
rNeg    . . .        (body armour unavailable)
rPois   .            (helmet restricted)
rElec   .            (no cloak)
rCorr   .            g - +0 pair of gloves
SInv    .            (no boots)
Will    .....        p - amulet of reflection
Stlth   ++           (no ring)
HPRegen 0.28/turn    (no ring)
MPRegen 0.10/turn

%: reflection
@: attractive
A: AC +6, unfitting armour, cold-blooded
a: Renounce Religion, Berserk, Trog's Hand


You were on level 5 of the Dungeon.
You worshipped Trog.
Trog was most pleased with you.
You visited 1 branch of the dungeon, and saw 5 of its levels.

You collected 304 gold pieces.

Inventory:

Hand Weapons
 a - a +0 falchion
 t - a +0 mace of protection
 u - a +2 flail of holy wrath (weapon)
Missiles
 f - 2 poisoned darts (quivered)
Armour
 g - a +0 pair of gloves (worn)
Jewellery
 o - an amulet of the acrobat
 p - an amulet of reflection (around neck)
Scrolls
 c - a scroll of amnesia {unknown}
 e - a scroll of enchant weapon {unknown}
 h - a scroll of blinking {unknown}
 l - 4 scrolls of identify {unknown}
 m - 2 scrolls of teleportation {unknown}
 w - a scroll of immolation {unknown}
Potions
 d - a potion of resistance {unknown}
 i - a potion of attraction
 j - 2 potions of might {unknown}
 k - a potion of enlightenment {unknown}
 n - a potion of brilliance {unknown}
 q - a potion of lignification {unknown}
 r - a potion of mutation {unknown}
 s - a potion of haste {unknown}
 v - a potion of degeneration {unknown}


   Skills:
 + Level 4.7 Fighting
 + Level 5.6 Long Blades
 + Level 0.6 Maces & Flails
 + Level 1.1 Throwing
 + Level 4.0 Dodging
 + Level 1.4 Stealth
 + Level 1.0 Shields


You had 5 spell levels left.
You didn't know any spells.
Your spell library contained the following spells:

 Spells                   Type           Power      Damage    Failure   Level
 Freeze                   Ice            0%         1d3       43%         1
 Sublimation of Blood     Necr           0%         N/A       56%         2
 Wereblood                Tmut           0%         N/A       56%         2
 Frozen Ramparts          Ice            0%         1d1       80%         3
 Hailstorm                Conj/Ice       0%         3d3       80%         3
 Summon Hydra             Summ           0%         N/A       100%        7


Dungeon Overview and Level Annotations

Branches:
Dungeon (5/15)
 Temple: D:4-7

Altars:

Shops:
D:1 [   D:5 (


Innate Abilities, Weirdness & Mutations

Your plain brown scales are hard. (AC +6)
You cannot fit into any form of body armour.
You are cold-blooded and may be slowed by cold attacks.


Message History

The gnoll hits you with a +0 flail.
The gnoll sergeant hits you from afar with a +0 trident.
* * * LOW HITPOINT WARNING * * *
Throw: 3 darts (poison)
Press: ? - help, Q - select action, (/) - cycle Shift-Dir - straight line, f - gnoll sergeant
Aim: a gnoll sergeant, wielding a +0 trident and wearing a +0 ring mail (64% to hit)
You throw a poisoned dart.
The poisoned dart closely misses the gnoll.
The poisoned dart hits the gnoll sergeant.
The gnoll sergeant is poisoned.
The gnoll hits you with a +0 flail.
* * * LOW HITPOINT WARNING * * *
You block the gnoll sergeant's attack.
It was a potion of attraction.
You feel attractive to monsters. You block the gnoll's attack.
The gnoll barely misses you. The gnoll sergeant barely misses you.
The gnoll closely misses you.
Unknown command.
It was a potion of curing.
You feel better. The gnoll barely misses you.
The gnoll sergeant hits you from afar with a +0 trident.
The gnoll hits you with a +0 whip. The gnoll closely misses you.
You feel better. The gnoll hits you with a +0 flail! The gnoll misses you.
The gnoll sergeant hits you from afar with a +0 trident.
The gnoll barely misses you.
You sock the gnoll!
You kill the gnoll!
Trog accepts your kill.
The gnoll sergeant hits you from afar with a +0 trident.
* * * LOW HITPOINT WARNING * * *
The gnoll completely misses you. The gnoll hits you with a +0 club.
* * * LOW HITPOINT WARNING * * *
The gnoll sergeant is attracted toward you.
You hit the gnoll sergeant.
The gnoll sergeant is moderately wounded.
The gnoll sergeant completely misses you.
The gnoll misses you. The gnoll hits you with a +0 club.
* * * LOW HITPOINT WARNING * * *
The gnoll misses you.
The gnoll sergeant hits you with a +0 trident!
You die...

#......#......####...# #...#
#......#......# ###.#######...
#......####.### #...........
#.......##..## #########.....
#............# #.........##†.
#............#####.#######.....
#..................######..#...
#######......##g..........##..#
#.....§g@g..........###..
####.####..........## ###
########.####..........######
##.....#<.....................
##.........................####
#...................<......####
#..............................
#...............#####..........
#...............# #...........


You could see a gnoll sergeant (poisoned) and 2 gnolls.

Vanquished Creatures
  A black bear (D:5)
  3 scorpions
  Jessica (D:2)
  A sleepcap (D:4)
  5 adders
  5 gnolls
  A white imp (D:4)
  4 dart slugs
  5 orcs
  7 ball pythons
  11 endoplasms
  2 giant cockroaches
  4 goblins
  11 hobgoblins
  3 quokkas
  5 bats
  5 frilled lizards
  2 kobolds
  9 rats (D:1)
85 creatures vanquished.

Notes
Turn   | Place    | Note
-------+----------+-------------------------------------------
     0 | D:1      | Curundu the Draconian Berserker began the quest for the
                  | Orb.
     0 | D:1      | Reached XP level 1. HP: 19/19 MP: 1/1
   105 | D:1      | Reached XP level 2. HP: 25/26 MP: 2/2
   525 | D:1      | Found Rafiaplunix's Antique Armour Emporium.
   646 | D:1      | Reached XP level 3. HP: 32/33 MP: 3/3
   883 | D:2      | Reached ** piety under Trog
  1499 | D:2      | Noticed Jessica
  1513 | D:2      | Killed Jessica
  1514 | D:2      | Reached skill level 4 in Long Blades
  1514 | D:2      | Reached XP level 4. HP: 12/40 MP: 4/4
  1838 | D:3      | Found a faded altar of an unknown god.
  2445 | D:3      | Reached XP level 5. HP: 12/46 MP: 5/5
  2819 | D:4      | Reached skill level 5 in Long Blades
  3015 | D:4      | Reached *** piety under Trog
  3132 | D:4      | Reached skill level 1 in Stealth
  3229 | D:4      | Reached XP level 6. HP: 53/53 MP: 6/6
  3632 | D:5      | Entered Level 5 of the Dungeon
  3713 | D:5      | Reached skill level 1 in Throwing
  3954 | D:5      | Reached skill level 1 in Shields
  3983 | D:5      | Found Nirphel's Antique Weapon Shop.
  4005 | D:5      | Mangled by a gnoll sergeant

Illustrated notes

Levels and vault maps discovered:
D:1:      nzn_arrival_crosshair, layout_rooms, serial_shops,
          nicolae_shop_rolling_square
D:2:      layout_loops_ring, st_stairs_11, minmay_tromino_v4_c, uniq_jessica
D:3:      layout_rooms, nicolae_ecumenical_pavilion, kennysheep_generic_room_16
D:4:      layout_cave_pools
D:5:      layout_rooms, serial_shops, shop, grunt_decor_resistance

Skill      XL: |  1  2  3  4  5  6 |
---------------+-------------------+-----
Dodging        | 3 4 |  4.0
Long Blades    | 4 5 |  5.6
Fighting       | 4 |  4.7
Stealth        | 1 |  1.4
Throwing       | 1 |  1.1
Shields        | 1 |  1.0
Maces & Flails | |  0.6

Action                     |  1- 3 |  4- 6 || total
---------------------------+-------+-------++-------
  Melee: Falchion          |   130 |   145 ||   275
         Tailslap          |    10 |    22 ||    32
         Punch             |     1 |     2 ||     3
         Mace              |       |    21 ||    21
         Flail             |       |    13 ||    13
  Throw: Dart              |       |    15 ||    15
    Use: Potion            |       |     3 ||     3
   Stab: Sleeping          |     1 |     3 ||     4
 Armour: Skin              |    76 |   117 ||   193
  Dodge: Dodged            |    88 |   123 ||   211
  Block: Other             |       |    34 ||    34

Table legend: (Time is in decaauts)
 A = Elapsed time spent in this place.
 B = Non-inter-level travel time spent in this place.
 C = Inter-level travel time spent in this place.
 D = Time resting spent in this place.
 E = Time spent auto-exploring this place.
 F = Levels seen in this place.
 G = Mean time per level.
                   A        B        C        D        E       F      G
               +--------+--------+--------+--------+--------+-----+--------+
         Total |   4044 |   4044 |      0 |    631 |      0 |   5 |  808.8 |
       Dungeon |   4044 |   4044 |      0 |    631 |      0 |   5 |  808.8 |
               +--------+--------+--------+--------+--------+-----+--------+

Top non-repeatable levels by time:
     D:2: 1068 daAuts
     D:3: 926 daAuts
     D:4: 878 daAuts
     D:1: 785 daAuts
     D:5: 385 daAuts
